AoeStats
← trashypanda

Arena

510913288Analyzed
4v4 RM · 11h ago on Oct 3, 2026· 50m 12s· 8 players
Game mode
Random Map
Map size
Large (8 player)
Population
200
Speed
Normal
Resources
Standard
Victory
Conquest
Starting age
Dark Age
Ending age
Imperial Age
RankedLock teamsTeams togetherTeam positionsShared explorationLock speedFull tech treeHidden civsTurbo modeCheats
Victory
Defeat
🇺🇸 Franks · United States
1098
+11
🇨🇴 Japanese · Colombia
1068
+12
🇨🇦 Koreans · Canada
1045
+13
🇨🇴 Inca · Colombia
1005
+14
🇧🇷 Tatars · Brazil
1005
-14
🇧🇴 Burgundians · Bolivia
988
-13
🇨🇦 Portuguese · Canada
963
-12
🇫🇷 Chinese · France
932
-11
Bambam
5:23 Loom
9:57 Feudal Age
15:15 Man-at-Arms
19:16 Castle Age
17:58 Scale Mail Armor
Jairzin
12:40 Feudal Age
13:10 Double-Bit Axe
13:08 Horse Collar
17:54 Castle Age
16:14 Stone Mining
18:37 Heavy Plow
18:59 Bow Saw
21:43 Squires
22:40 Pikeman
27:21 Loom
29:08 Gold Mining
30:50 Wheelbarrow
32:41 Gold Shaft Mining
35:13 Imperial Age
33:34 Forging
34:51 Scale Barding Armor
35:21 Iron Casting
35:55 Husbandry
36:05 Bloodlines
36:59 Blast Furnace
36:20 Chain Barding Armor
36:26 Conscription
35:29 Elite Keshik
39:21 Crop Rotation
38:48 Fletching
39:35 Plate Barding Armor
39:41 Plate Barding Armor
38:37 Elite Skirmisher
38:40 Heavy Cavalry Archer
40:32 Siege Engineers
40:18 Heated Shot
40:48 Ballistics
francis le tueur
11:24 Feudal Age
13:58 Double-Bit Axe
14:16 Horse Collar
17:00 Castle Age
15:28 Gold Mining
15:33 Stone Mining
17:36 Wheelbarrow
23:41 Bow Saw
23:34 Heavy Plow
24:12 Gold Shaft Mining
24:14 Stone Shaft Mining
24:19 Hand Cart
24:55 Fletching
25:06 Padded Archer Armor
26:04 Ballistics
26:39 Bodkin Arrow
27:11 Leather Archer Armor
36:32 Imperial Age
33:53 Loom
33:53 Town Watch
34:32 Great Wall
34:58 Fortified Wall
35:14 Masonry
35:01 Murder Holes
38:05 Conscription
38:00 Bracer
38:31 Ring Archer Armor
37:48 Heavy Rocket Cart
40:13 Chemistry
40:03 Architecture
40:38 Husbandry
40:52 Bloodlines
42:36 Forging
42:32 Scale Barding Armor
41:52 Cavalier
46:02 Iron Casting
45:48 Chain Barding Armor
Minos
12:13 Feudal Age
12:53 Wheelbarrow
16:12 Castle Age
14:53 Horse Collar
14:59 Double-Bit Axe
15:07 Gold Mining
15:07 Loom
16:30 Bow Saw
16:57 Gold Shaft Mining
16:24 Heavy Plow
17:33 Fletching
18:15 Bodkin Arrow
25:03 Stone Mining
Herr_Gedoens
11:48 Feudal Age
15:56 Castle Age
14:16 Loom
24:51 Fletching
27:10 Double-Bit Axe
30:45 Stone Mining
32:22 Elite Skirmisher
33:23 Gold Mining
33:42 Scale Barding Armor
33:48 Forging
34:47 Padded Archer Armor
36:21 Leather Archer Armor
36:01 Bodkin Arrow
36:56 Town Watch
39:03 Wheelbarrow
41:20 Husbandry
42:16 Bow Saw
43:48 Iron Casting
43:34 Chain Barding Armor
44:09 Hand Cart
47:35 Imperial Age
48:12 Cavalier
50:43 Blast Furnace
50:19 Plate Barding Armor
50:38 Conscription
trashypanda
10:31 Feudal Age
14:09 Castle Age
13:10 Double-Bit Axe
16:42 Loom
25:26 Horse Collar
27:08 Bow Saw
31:31 Imperial Age
29:17 Fletching
30:27 Wheelbarrow
31:44 Heavy Plow
33:22 Bodkin Arrow
34:09 Hand Cart
34:36 Bracer
35:42 Elite War Wagon
37:44 Ballistics
38:25 Chemistry
40:33 Two-Man Saw
41:26 Conscription
43:26 Siege Engineers
43:32 Masonry
43:18 Murder Holes
45:14 Fortified Wall
45:35 Architecture
44:46 Treadmill Crane
47:19 Eupseong
Yepes
11:29 Feudal Age
12:17 Double-Bit Axe
15:57 Castle Age
15:07 Horse Collar
16:09 Forging
16:05 Scale Barding Armor
17:02 Bow Saw
18:52 Iron Casting
21:56 Chain Barding Armor
26:35 Wheelbarrow
28:28 Heavy Plow
30:35 Hand Cart
31:26 Town Watch
35:32 Imperial Age
33:04 Town Patrol
33:30 Scale Mail Armor
33:30 Loom
35:05 Chain Mail Armor
35:37 Elite Samurai
37:15 Plate Mail Armor
37:45 Blast Furnace
37:56 Two-Man Saw
36:47 Gambesons
37:02 Squires
36:48 Arson
37:36 Yasama
37:57 Conscription
39:17 Murder Holes
39:37 Gold Mining
39:38 Stone Mining
39:40 Pikeman
40:24 Guard Tower
41:31 Ballistics
40:51 Halberdier
43:42 Kataparuto
43:17 Fletching
44:46 Bodkin Arrow
48:06 Hoardings
48:10 Siege Engineers
49:06 Chemistry
ConejoMalo
12:11 Feudal Age
17:06 Castle Age
15:48 Horse Collar
15:56 Double-Bit Axe
27:10 Padded Archer Armor
27:43 Bow Saw
27:40 Elite Skirmisher
28:37 Leather Archer Armor
29:05 Loom
29:01 Crossbowman
29:33 Fletching
30:18 Bodkin Arrow
30:51 Horse Collar
35:24 Imperial Age
33:31 Wheelbarrow
32:57 Heavy Plow
33:02 Gold Mining
34:39 Thumb Ring
36:36 Ballistics
36:48 Ring Archer Armor
37:33 Chemistry
37:19 Bracer
37:58 Careening
38:29 Onager
40:11 Andean Sling
41:29 Crossbowman
45:10 Scale Mail Armor
46:12 Chain Mail Armor
49:12 Forging
49:58 Plate Mail Armor
Connection lost

Rejoining the realm…

Still unreachable

The connection could not be restored.

Session expired

The server has moved on; the page needs a fresh start.